 Dungeon Crawl Stone Soup version 0.31.0-32-g396128a36d (webtiles) character file.

Game seed: 16374318513390660362

513 hawla the Firebug (level 7, -3/36 HPs)
             Began as a Deep Elf Fire Elementalist on Apr 15, 2024.
             Was a Believer of Jiyva.
             Killed from afar by an orc wizard (7 damage)
             ... with a magic dart
             ... on level 5 of the Dungeon.
             The game lasted 00:07:31 (4278 turns).

hawla the Firebug (Deep Elf Fire Elementalist)      Turns: 4278, Time: 00:07:32

Health: -3/36      AC:  5    Str:  5    XL:     7   Next: 0%
Magic:  13/13      EV: 13    Int: 22    God:    Jiyva [**....]
Gold:   148        SH:  0    Dex: 21    Spells: 5/12 levels left

rFire   + . .        n - staff of air
rCold   + . .        (no shield)
rNeg    . . .        a - +0 robe
rPois   +            p - +0 helmet
rElec   +            j - +0 cloak
rCorr   +            (no gloves)
SInv    .            q - +0 pair of boots
Will    .....        (no amulet)
Stlth   ++           e - +6 ring of dexterity
HPRegen 1.22/turn    (no ring)
MPRegen 0.61/turn

%: no passive effects
@: mighty, resistant
A: no striking features
a: Renounce Religion


You were on level 5 of the Dungeon.
You worshipped Jiyva.
Jiyva was pleased with you.
You visited 1 branch of the dungeon, and saw 5 of its levels.
You also visited: Sewer.

You collected 148 gold pieces.

Inventory:

Armour
 a - a +0 robe (worn)
 j - a +0 cloak (worn)
 p - a +0 helmet (worn)
 q - a +0 pair of boots (worn)
Magical Staves
 n - a staff of air (weapon)
Jewellery
 e - a +6 ring of dexterity (left hand)
Wands
 l - a wand of flame (17) (quivered)
Scrolls
 h - 2 scrolls of immolation
 r - a scroll of identify {unknown}
Potions
 b - 2 potions of resistance
 c - a potion of haste {unknown}
 d - a potion of lignification {unknown}
 f - a potion of attraction {unknown}
 g - a potion of might
 i - a potion of enlightenment {unknown}
 k - 8 potions of mutation {unknown}
 m - a potion of berserk rage {unknown}
 o - a potion of curing {unknown}


   Skills:
 - Level 2.4 Dodging
 - Level 2.4 Stealth
 - Level 3.0 Spellcasting
 - Level 3.7 Conjurations
 - Level 7.2 Fire Magic
 + Level 0.0 Air Magic
 + Level 2.8 Evocations


You had 5 spell levels left.
You knew the following spells:

 Your Spells              Type           Power      Damage    Failure   Level
a - Foxfire               Conj/Fire      100%       2x1d9     1%          1
b - Scorch                Fire           70%        2d7       1%          2
c - Flame Wave            Conj/Fire      27%        2d9       13%         4

Your spell library contained the following spells:

 Spells                   Type           Power      Damage    Failure   Level
 Sting                    Conj/Alch      44%        1d5       6%          1
 Inner Flame              Hex/Fire       19%        N/A       9%          3
 Volatile Blastmotes      Fire/Tloc      38%        2d13      9%          3
 Apportation              Tloc           6%         N/A       12%         1
 Necrotise                Necr           12%        1d4       12%         1
 Summon Small Mammal      Summ           12%        N/A       12%         1
 Stone Arrow              Conj/Erth      22%        3d8       17%         3
 Animate Armour           Summ/Erth      6%         N/A       77%         4
 Lehudib's Crystal Spear  Conj/Erth      5%         10d3      100%        8


Dungeon Overview and Level Annotations

Branches:
Dungeon (5/15)              Sewer (visited)
 Temple: D:4-7

Altars:
Cheibriados
Ru
Sif Muna
Vehumet
Wu Jian


Message History

You're too confused to cast spells.
Okay, then.
Unknown command.
You're too confused to cast spells.
Okay, then.
You're too confused to move!
The orc barely misses you.
The orc wizard hits you with a +0 dagger.
The orc closely misses you. The orc wizard barely misses you.
You barely miss the orc. The orc closely misses you.
The orc wizard hits you with a +0 dagger.
The orc hits you but does no damage. The orc hits you with a +0 club.
The orc wizard hits you but does no damage.
The orc closely misses you.
The orc wizard gestures at you while chanting.
The magic dart hits you!
The orc hits you with a +2 vampiric short sword.
The orc barely misses you. The orc wizard misses you.
In your confused state, you trip and fall back down the stairs.
The orc hits you with a +0 war axe of freezing!
The orc freezes you.
* * * LOW HITPOINT WARNING * * *
The orc wizard hits you but does no damage.
The orc hits you with a +2 vampiric short sword.
* * * LOW HITPOINT WARNING * * *
The orc hits you but does no damage. The orc wizard misses you.
It was a potion of resistance.
You feel protected.
The orc hits you with a +0 war axe of freezing.
* * * LOW HITPOINT WARNING * * *
The orc wizard completely misses you.
The orc hits you with a +2 vampiric short sword.
* * * LOW HITPOINT WARNING * * *
The orc wizard hits you but does no damage.
The orc hits you but does no damage.
It was a potion of might.
You feel very mighty all of a sudden.
You feel less confused. The orc barely misses you.
The orc wizard casts a spell at you. The magic dart hits you!
You die...

..........#....
...............
...........:..#
..............#
...............
...............
.##...o).......
......o@o..#
..#...o.o..#
...#........# .
##........#
#.........#
##..###..##
#### ###


You could see 2 orc wizards and 3 orcs.

Vanquished Creatures
  2 ogres (D:4)
  A scorpion (D:4)
  A bombardier beetle (D:3)
  A hound (D:4)
  2 jellies (Sewer)
  A river rat (Sewer)
  10 adders
  4 ribbon worms
  2 orcs
  11 endoplasms
  4 giant cockroaches
  5 goblins
  5 hobgoblins
  A jackal (D:4)
  6 kobolds
  3 quokkas
  10 ball pythons
  8 bats
  8 frilled lizards
  2 rats
87 creatures vanquished.

Vanquished Creatures (others)
  2 jellies (D:4)
  An adder (D:3)
  A ribbon worm (D:3)
  An endoplasm (D:4)
  A giant cockroach (Sewer)
  3 jackals (D:4)
  211 foxfires
220 creatures vanquished.

Grand Total: 307 creatures vanquished

Notes
Turn   | Place    | Note
-------+----------+-------------------------------------------
     0 | D:1      | hawla the Deep Elf Fire Elementalist began the quest for
                  | the Orb.
     0 | D:1      | Reached XP level 1. HP: 10/10 MP: 6/6
   188 | D:1      | Reached skill level 4 in Fire Magic
   188 | D:1      | Reached XP level 2. HP: 15/15 MP: 5/8
   783 | D:1      | Found a faded altar of an unknown god.
   880 | D:1      | Learned a level 2 spell: Scorch
  1293 | D:2      | Reached XP level 3. HP: 19/19 MP: 6/9
  1468 | D:2      | Reached skill level 5 in Fire Magic
  1928 | D:3      | Found a shimmering blue altar of Sif Muna.
  2037 | D:3      | Reached skill level 1 in Evocations
  2085 | D:3      | Reached XP level 4. HP: 24/24 MP: 8/10
  2307 | D:3      | Found a glowing drain.
  2323 | D:3      | Reached XP level 5. HP: 17/28 MP: 5/11
  2329 | Sewer    | Entered a sewer
  2371 | Sewer    | Learned a level 4 spell: Flame Wave
  2749 | Sewer    | Found a viscous altar of Jiyva.
  2753 | Sewer    | Reached skill level 6 in Fire Magic
  2773 | Sewer    | Became a worshipper of Jiyva Jydwievu the Shapeless
  2971 | D:3      | Found an ornate altar of the Wu Jian Council.
  3181 | D:3      | Found a snail-covered altar of Cheibriados.
  3188 | D:3      | Reached XP level 6. HP: 32/32 MP: 9/12
  3578 | D:4      | Found a radiant altar of Vehumet.
  3725 | D:4      | Reached * piety under Jiyva
  3897 | D:4      | Reached skill level 7 in Fire Magic
  3909 | D:4      | Found a sacrificial altar of Ru.
  4173 | D:4      | Reached ** piety under Jiyva
  4270 | D:5      | Entered Level 5 of the Dungeon
  4272 | D:5      | Reached XP level 7. HP: 36/36 MP: 8/13
  4278 | D:5      | Killed from afar by an orc wizard

Illustrated notes

Levels and vault maps discovered:
D:1:      spicycebolla_arrival_xxxplode, layout_loops_ring,
          hellmonk_ecumenical_altar_blasted
D:2:      layout_loops_ring
D:3:      wander_river, layout_basic, mainiacjoe_overflow_tiny_flanked,
          mainiacjoe_overflow_catwalk_spiral, gup_sewer_entry_glass,
          kennysheep_decorative_pillar
D:4:      layout_basic, nicolae_vehumet_radiance, nicolae_ru_awakened_eye
D:5:      layout_cave_pools, amcnicky_altar_gilded, dk_rats_in_the_wall,
          uniq_duvessa

Skill      XL: |  1  2  3  4  5  6 |
---------------+-------------------+-----
Fire Magic     | 4 5 6 7 |  7.2
Evocations     | 1 2 |  2.8
Conjurations   | 2 3 |  3.7
Dodging        | |  2.4
Stealth        | |  2.4
Spellcasting   | |  3.0

Action                     |  1- 3 |  4- 6 |  7- 9 || total
---------------------------+-------+-------+-------++-------
  Melee: Unarmed           |    10 |     3 |       ||    13
         Staff             |       |       |     1 ||     1
   Cast: Foxfire           |    55 |    73 |       ||   128
         Scorch            |     7 |    23 |       ||    30
         Flame Wave        |       |     1 |       ||     1
    Use: Scroll            |     2 |     4 |       ||     6
         Potion            |       |     1 |     2 ||     3
   Stab: Sleeping          |     1 |       |       ||     1
 Armour: Robe              |     9 |    13 |    18 ||    40
  Dodge: Dodged            |    27 |    27 |    10 ||    64
